 Dungeon Crawl Stone Soup version 0.29.1-15-g9cfb28693d (webtiles) character file.

Game seed: 11755135007389794004

630 DemonSlayer the Digger (level 7, -3/48 HPs)
             Began as a Demonspawn Earth Elementalist on Mar 21, 2023.
             Succumbed to a water moccasin's poison
             ... on level 5 of the Dungeon.
             The game lasted 00:07:48 (5824 turns).

DemonSlayer the Digger (DsEE)                       Turns: 5824, Time: 00:07:49

Health: -3/48      AC:  4    Str: 10    XL:     7   Next: 24%
Magic:  9/14       EV: 11    Int: 19    God:
Gold:   310        SH:  0    Dex: 13    Spells: 5/15 levels left

rFire   . . .      SeeInvis .   u - +0 trident (protect)
rCold   . . .      Faith    .   (no shield)
rNeg    . . .      Spirit   .   p - +0 leather armour
rPois   .          Reflect  .   b - +0 helmet
rElec   .          Harm     .   (no cloak)
rCorr   .          Rampage  .   (no gloves)
Will    .....                   (no boots)
Stlth   ++........              (no amulet)
HPRegen 0.16/turn               (no ring)
MPRegen 0.14/turn               (no ring)

@: lethally poisoned (-3 -> -31)
A: hooves 2, spiny 2, big brain 1
a: no special abilities


You were on level 5 of the Dungeon.
You visited 1 branch of the dungeon, and saw 5 of its levels.

You collected 310 gold pieces.

Inventory:

Hand Weapons
 u - a +0 trident of protection (weapon)
Missiles
 o - 4 javelins
Armour
 b - a +0 helmet (worn)
 p - a +0 leather armour (worn)
Scrolls
 a - 2 scrolls of identify {unknown}
 c - a scroll of torment {unknown}
 f - a scroll of teleportation {unknown}
 g - a scroll of magic mapping {unknown}
 h - a scroll of noise {unknown}
 i - a scroll of vulnerability {unknown}
 m - a scroll of enchant armour {unknown}
Potions
 d - a potion of brilliance {unknown}
 e - a potion of might {unknown}
 j - 2 potions of degeneration {unknown}
 k - 2 potions of heal wounds {unknown}
 l - a potion of ambrosia {unknown}
 q - a potion of curing {unknown}
 r - 2 potions of invisibility {unknown}
 s - a potion of cancellation {unknown}
 t - a potion of mutation {unknown}


   Skills:
 + Level 1.5 Fighting
 + Level 0.6 Maces & Flails
 + Level 2.0 Armour
 + Level 2.0 Dodging
 + Level 2.1 Stealth
 + Level 4.9 Spellcasting
 + Level 0.8 Transmutations
 + Level 5.0 Earth Magic


You had 5 spell levels left.
You knew the following spells:

 Your Spells              Type           Power      Damage    Failure   Level
a - Sandblast             Erth           46%        2d11      1%          1
b - Passwall              Tmut/Erth      12%        N/A       8%          2
c - Stone Arrow           Conj/Erth      28%        3d8       17%         3
d - Petrify               Tmut/Erth      15%        N/A       43%         4

Your spell library contained the following spells:

 Spells                   Type           Power      Damage    Failure   Level
 Static Discharge         Conj/Air       4%         3-4/arc   26%         2
 Dispel Undead            Necr           4%         3d7       86%         4
 Sticky Flame             Conj/Fire      4%         2d3       86%         4


Dungeon Overview and Level Annotations

Branches:
Dungeon (5/15)             Temple (0/1) D:4

Altars:
Hepliaklqana


Innate Abilities, Weirdness & Mutations

You have hoof-like feet.
You are mostly covered in sharp spines.
You have an unusually large brain. (Int +2)


Message History

The blast of sand hits the ogre!
The ogre is almost dead.
The ogre hits you with a +0 giant club.
The blast of sand hits the ogre.
You kill the ogre!
The water moccasin is struck by your spines.
The water moccasin bites you!
You are poisoned.
The water moccasin poisons you!
Your Earth Magic skill increases to level 5!
You are too injured to fight recklessly!
You are too injured to fight recklessly!
You are too injured to fight recklessly!
You are too injured to fight recklessly!
You are too injured to fight recklessly!
Casting: Sandblast (safe; 1% risk of failure)
Confirm with . or Enter, or press ? or * to list all spells.
Aiming: Sandblast (safe; 1% risk of failure)
Press: ? - help, Shift-Dir - straight line, f - water moccasin
Aim: a water moccasin (moderately wounded, 72% to hit)
The blast of sand hits the water moccasin.
The water moccasin is heavily wounded.
You feel very sick.
The water moccasin is struck by your spines.
The water moccasin bites you!
* * * LOW HITPOINT WARNING * * *
You are lethally poisoned!
The water moccasin poisons you!
The water moccasin is struck by your spines.
The water moccasin barely misses you. The water moccasin bites you.
* * * LOW HITPOINT WARNING * * *
Unknown command.
Casting: Sandblast (safe; 1% risk of failure)
Confirm with . or Enter, or press ? or * to list all spells.
Aiming: Sandblast (safe; 1% risk of failure)
Press: ? - help, Shift-Dir - straight line, f/p - water moccasin
Aim: a water moccasin (almost dead, 72% to hit)
The blast of sand hits the water moccasin!
You kill the water moccasin!
You die...

#.
.#.###.#.....#.###.#.
## .###...###...###.
.###. ##
#.....#.###.#.... #
..#...#...# ..# .. .
#####...# ..####
#...# ..#
#.....#.###.#
##...###...## #.###
#...@)# #.
#...#...#...#
#...##### ..# #.. .#
##. # . ..


There were no monsters in sight!

Vanquished Creatures
  A water moccasin (D:5)
  2 ogres
  3 hounds
  A jelly (D:5)
  An orc priest (D:3)
  A gnoll bouda (D:3)
  Terence (D:2)
  An iguana (D:4)
  An orc wizard (D:4)
  7 gnolls
  4 adders
  2 worms
  A dart slug (D:1)
  4 orcs
  5 ball pythons
  7 bats
  9 endoplasms
  3 giant cockroaches
  15 goblins
  12 hobgoblins
  3 jackals (D:1)
  3 quokkas
  8 frilled lizards
  4 kobolds
  2 rats
101 creatures vanquished.

Vanquished Creatures (others)
  3 plants (D:3)
3 creatures vanquished.

Grand Total: 104 creatures vanquished

Notes
Turn   | Place    | Note
-------+----------+-------------------------------------------
     0 | D:1      | DemonSlayer the Demonspawn Earth Elementalist began the
                  | quest for the Orb.
     0 | D:1      | Reached XP level 1. HP: 13/13 MP: 3/3
   255 | D:1      | Gained mutation: You are partially covered in sharp spines.
                  | [demonic ancestry]
   255 | D:1      | Reached XP level 2. HP: 19/19 MP: 3/5
   340 | D:1      | Reached skill level 3 in Earth Magic
   647 | D:1      | Gained mutation: You are mostly covered in sharp spines.
                  | [demonic ancestry]
   647 | D:1      | Reached XP level 3. HP: 24/24 MP: 0/7
  1389 | D:2      | Noticed Terence
  2332 | D:3      | Reached XP level 4. HP: 30/30 MP: 6/8
  2612 | D:3      | Found a hazy altar of Hepliaklqana.
  2663 | D:3      | Learned a level 2 spell: Passwall
  2667 | D:3      | Learned a level 3 spell: Stone Arrow
  3450 | D:2      | Killed Terence
  3717 | D:2      | Found a faded altar of an unknown god.
  4178 | D:4      | Gained mutation: You have large cloven feet. [demonic
                  | ancestry]
  4178 | D:4      | Reached XP level 5. HP: 24/35 MP: 7/10
  4354 | D:3      | Reached skill level 1 in Fighting
  4628 | D:3      | Reached skill level 1 in Armour
  4640 | D:4      | Reached skill level 4 in Earth Magic
  5033 | D:4      | Gained mutation: You have an unusually large brain. (Int
                  | +2) [demonic ancestry]
  5033 | D:4      | Reached XP level 6. HP: 41/43 MP: 7/11
  5502 | D:4      | Found a staircase to the Ecumenical Temple.
  5561 | D:4      | Learned a level 4 spell: Petrify
  5575 | D:5      | Entered Level 5 of the Dungeon
  5626 | D:5      | Gained mutation: You have hoof-like feet. [demonic
                  | ancestry]
  5626 | D:5      | Reached XP level 7. HP: 48/48 MP: 6/13
  5823 | D:5      | Reached skill level 5 in Earth Magic
  5824 | D:5      | Succumbed to a water moccasin's poison

Illustrated notes

Levels and vault maps discovered:
D:1:      dpeg_arrival_erosion, layout_basic
D:2:      layout_loops_corners, shapermc_ecumenical_altar_mp_highgroup,
          skrybe_limestone_x, hangedman_decor_push, minmay_crystal_water,
          minmay_split_cup_small, uniq_terence
D:3:      minmay_general_purpose_star, layout_rooms,
          minmay_overflow_temple_star_quad, st_stairs_11, hex_intersection,
          grunt_ministairs_10, hangedman_decor_clover_reticule,
          serial_bayou_pond_a
D:4:      layout_cave_pools, minmay_temple_entry_tees
D:5:      nicolae_cairo_tiling, layout_rooms, fiery_altar_vehumet,
          mainiacjoe_overflow_surrounded_room, sigmund_edmund_badplayer

Skill      XL: |  1  2  3  4  5  6  7 |
---------------+----------------------+-----
Earth Magic    | 3 4 5 |  5.0
Stealth        | 2 |  2.1
Spellcasting   | 3 4 |  4.9
Fighting       | 1 |  1.5
Armour         | 1 2 |  2.0
Dodging        | 2 |  2.0
Maces & Flails | |  0.6
Transmutations | |  0.8

Action                   |  1- 3 |  4- 6 |  7- 9 || total
-------------------------+-------+-------+-------++-------
Melee: Unarmed           |     4 |       |       ||     4
       Dagger            |     3 |       |       ||     3
       Morningstar       |       |    14 |       ||    14
       Kick              |       |     1 |       ||     1
Throw: Javelin           |       |     3 |       ||     3
 Cast: Sandblast         |    49 |    74 |     8 ||   131
  Use: Potion            |     1 |       |       ||     1
 Stab: Sleeping          |     1 |       |       ||     1
Armor: Robe              |     4 |       |       ||     4
       Leather armour    |       |     9 |       ||     9
Dodge: Dodged            |     9 |    37 |     1 ||    47
